[Event "*** Titled Tuesday Blitz"]
[Site "Chess.com"]
[Date "2021.03.02"]
[Round "2"]
[White "AldokhinIvan"]
[Black "BahadirOzen"]
[Result "0-1"]
[WhiteElo "2524"]
[BlackElo "2797"]
[TimeControl "180+1"]
[EndTime "10:20:07 PST"]
[Termination "BahadirOzen won by checkmate"]

1. e4 g6 2. d4 Bg7 3. Nc3 c6 4. Bg5 Qb6 5. Nge2 Qxb2 6. Rb1 Qa3 7. g3 d6 8. Bg2 Nd7 9. O-O Ngf6 10. f4 h6 11. Bh4 Nh7 12. g4 Nb6 13. f5 gxf5 14. exf5 Nf6 15. Rf3 Qa5 16. h3 Bd7 17. Be1 Qa6 18.
Nf4 Nc4 19. Bf1 b5 20. d5 Qb6+ 21. Bf2 Qa5 22. dxc6 Bxc6 23. Ncd5 Nxd5 24. Nxd5 Bxd5 25. Qxd5 Nb6 26. Qc6+ Kf8 27. Rxb5 Qxa2 28. f6 Bxf6 29. Bg3 Kg7 30. h4 Rac8 31. Qb7 Qxc2 32. g5 hxg5 33. hxg5 Bd4+ 34. Bf2 Bxf2+ 35. Rxf2 Qh7 36. Qf3 Qg6 37. Qe3 Rc7 38. Bd3 Qh5 39. Be4 d5 40. Qd4+ Kg8 41. Bf3 Qh4 42. Qxh4 Rxh4 43. g6 Rh8 44. gxf7+ Kxf7 45. Bxd5+ Ke8 46. Bg2 Rg8 47. Rf1 Rf8 48. Rf2 Rxf2 49.
Kxf2 Kd7 50. Kg1 Rc2 51. Rb4 Rc1+ 52. Kh2 Kc7 53. Rb5 a6 54. Ra5 e5 55. Rxa6 Nd7 56.
Ra5 Kd6 57. Ra6+ Ke7 58. Ra7 Rc2 59. Kg3 Rc3+ 60. Kf2 Kd6 61. Bh3 Nc5 62. Ra8 Rxh3 63. Kg2 Rd3 64. Kf2 Kc6 65. Ke2 Rd4 66. Rc8+ Kd6 67.
Re8 Nd7 68. Rd8 Ke7 69. Rh8 Nf6 70. Rh6 Ke6 71. Ke1 Ra4 72. Rg6 e4 73. Ke2 Kf5 74. Rg7 Nd5 75. Ke1 Ke5 76. Rh7 Kd4 77. Rd7 Ra5 78.
Ke2 Ra2+ 79. Ke1 Ke3 80. Kd1 Nb4 81. Rd6 Nd3 82. Rxd3+ exd3 83. Kc1 Rh2 84. Kb1 Kd4 85.
Kc1 Kc3 86. Kd1 Rh1# 0-1

[Event "*** Titled Tuesday Blitz"]
[Site "Chess.com"]
[Date "2021.03.02"]
[Round "2"]
[White "googlegoom"]
[Black "CrazyMartian"]
[Result "1/2-1/2"]
[WhiteElo "2467"]
[BlackElo "2282"]
[TimeControl "180+1"]
[EndTime "10:20:07 PST"]
[Termination "Game drawn by agreement"]

1. Nf3 d5 2. b3 Nf6 3. Bb2 c6 4. e3 Bf5 5. Be2 h6 6. O-O e6 7. d4 Be7 8. Nbd2 Nbd7 9. c4 O-O 10. a3 a5 11. Bc3 Re8 12. b4 axb4 13. axb4 Qc7 14. Qb3 Ne4 15. Nxe4 Bxe4 16. Nd2 Bg6 17. Rfc1 Nf6 18. cxd5 cxd5 19. b5 Qb6 20. Bb4 Bxb4 21.
Qxb4 Rxa1 22. Rxa1 Rc8 23. h3 Ne4 24. Nxe4 Bxe4 25.
Bf1 h5 26. Be2 h4 27. Qe7 f6 28. Bf1 Bf5 29. Qd7 Qc7 30. Qxc7 Rxc7 31. Ra7 e5 32.
dxe5 fxe5 33. Ra8+ Kh7 34. Rd8 Rc5 35. Kh2 Kh6 36. g4 hxg3+ 37. Kxg3 Bc2 38. Bg2 Ba4 39. Rxd5 Rxd5 40. Bxd5 Bxb5 41. Bxb7 Kg5 42. Bc8 Kf6 43. Kg4 Be2+ 44. Kg3 Bf1 45. Bb7 Bd3 46. Kg4 Be2+ 47. Bf3 Bd3 48. Kg3 g5 49. Bd1 Bf5 50. Bb3 Bg6 51.
Bd5 Bf5 52. Bf3 Bg6 53. Be2 Bf5 54. Bg4 Bg6 55. Kf3 Bf7 56. Ke2 Bc4+ 57. Kd2 Bd5 58. Kc3 Be4 59. Kb4 Bg2 60. Kc5 Be4 61. Kd6 Bb7 62.
Kd7 Be4 63. Ke8 Bg2 64. Kf8 Be4 65. Kg8 Bg2 66. Kh7 Be4+ 67. Kh6 Bg2 68. Kh5 Be4 69.
Be2 Bg6+ 70. Kg4 Be4 71. Kg3 Bf5 72. f3 Bg6 73. Bc4 Bf5 74. Bd5 Bg6 75. Bc6 Bf5 76.
Be8 Be6 77. Bh5 Bd5 78. Bg4 Bc4 79. Bd7 Bd5 80. Kg4 Bf7 81. Bf5 Bd5 82. Bc8 Bf7 83. f4 exf4 84. exf4 gxf4 85. Kxf4 Kg7 86. Kg5 Bd5 87.
h4 Kh8 88. h5 Be4 89. h6 Bd3 1/2-1/2

[Event "*** Titled Tuesday Blitz"]
[Site "Chess.com"]
[Date "2021.03.02"]
[Round "2"]
[White "cukin84"]
[Black "MelihKaanCan"]
[Result "1/2-1/2"]
[WhiteElo "2142"]
[BlackElo "2394"]
[TimeControl "180+1"]
[EndTime "10:20:25 PST"]
[Termination "Game drawn - timeout vs insufficient material"]

1. e4 e5 2. Nf3 Nc6 3. c3 d5 4.
Qa4 f6 5. d3 Be6 6. Be3 Ne7 7.
Be2 Ng6 8. O-O Be7 9. b4 a6 10. b5 axb5 11. Qxb5 dxe4 12. dxe4 Qc8 13. Bc4 Bxc4 14.
Qxc4 Na5 15. Qb5+ c6 16. Qe2 O-O 17. h4 b5 18. h5 Nf4 19. Bxf4 exf4 20. Nbd2 Qg4 21.
e5 Qxh5 22. exf6 Bxf6 23. Ne4 Rae8 24. Qd3 Nc4 25. Rae1 Be5 26. Qd7 Qg6 27. Neg5 Bxc3 28. Rxe8 Rxe8 29. Nh4 Qh5 30. Nf5 Rf8 31. Ne7+ Kh8 32.
Ne6 Qe8 33. Nxf8 Qxf8 34. Nxc6 h6 35. Rd1 Qf6 36. Qd8+ Qxd8 37. Rxd8+ Kh7 38. Ne7 Bf6 39. Rd7 Ne5 40. Ra7 Nd3 41. Nd5 Bd4 42. Kf1 Bxa7 43.
a3 Bc5 44. Nc7 b4 45. axb4 Bxb4 46. Ne6 g5 47. g3 fxg3 48. fxg3 Ne5 49. Kg2 Bd6 50.
Kh3 Kg6 51. Nd4 h5 52. Ne2 g4+ 53. Kg2 Nf3 54. Nc3 Kf5 55. Nd5 Be5 56. Ne3+ Kg5 57. Nd5 Bd4 58. Nf4 Be3 59. Ne6+ Kf5 60. Ng7+ Kg6 61. Ne6 Bg5 62. Kf2 Kf5 63. Ng7+ Ke4 64. Nxh5 Be3+ 65. Kg2 Nd2 66. Nf6+ Kf5 67. Nxg4 Kxg4 68.
Kh2 Bf2 69. Kg2 Bxg3 70. Kh1 Kf3 71. Kg1 Ne4 72. Kh1 Nf2+ 73. Kg1 Bf4 74. Kf1 Bh2 75.
Ke1 Ne4 76. Kf1 Ke3 77. Kg2 Bf4 78. Kh3 Kf3 79. Kh4 Ng3 80. Kh3 Be3 81. Kh2 Bd4 82. Kh3 Bg1 83. Kh4 Ne4 84. Kh3 Ng5+ 85. Kh4 Kf4 86. Kh5 Bd4 87. Kg6 Kg4 88. Kh6 Be5 89.
Kg6 Bd4 90. Kh6 Ne6 91. Kg6 Nf4+ 92. Kf7 Be5 93. Ke8 Kf5 94. Kd7 Nd5 95. Kc6 Ke6 96.
Kc5 Bd6+ 97. Kc4 Nf4 98. Kd4 Be5+ 99. Ke4 Nd5 100. Kd3 1/2-1/2

[Event "*** Titled Tuesday Blitz"]
[Site "Chess.com"]
[Date "2021.03.02"]
[Round "2"]
[White "BrandonJacobson"]
[Black "AttackSparrow"]
[Result "1/2-1/2"]
[WhiteElo "2798"]
[BlackElo "2535"]
[TimeControl "180+1"]
[EndTime "10:20:53 PST"]
[Termination "Game drawn - insufficient material"]

1. d4 Nf6 2. c4 g6 3. Nc3 d5 4. cxd5 Nxd5 5. e4 Nxc3 6. bxc3 Bg7 7. Nf3 c5 8. Rb1 Nc6 9. d5 Ne5 10. Nxe5 Bxe5 11. Bb5+ Bd7 12. Bxd7+ Qxd7 13. c4 O-O 14. O-O e6 15. Be3 b6 16. f4 Bg7 17. e5 Rfd8 18. d6 f6 19. Qf3 fxe5 20. fxe5 Bxe5 21. Rbd1 Rac8 22. Bh6 Bg7 23. Bxg7 Qxg7 24. Qe4 Rd7 25. Qxe6+ Kh8 26. Rd3 Rcd8 27. Rfd1 Qf7 28. Qe5+ Qg7 29. Qd5 Qf7 30. Qc6 Kg8 31. Qe4 Re8 32. Qg4 Qe6 33.
Qg3 Red8 34. Qf4 Qf7 35. Qh4 Re8 36. h3 Qe6 37. a4 Qe5 38. Rd5 Qe3+ 39. Kh2 Qe6 40.
Qg3 Red8 41. a5 bxa5 42. Qd3 a4 43. Rd2 a3 44. Qxa3 Rxd6 45. Qxc5 Rxd5 46. cxd5 Qe5+ 47. g3 a6 48. Qa5 Rd6 49. Qc5 Kg7 50. Qc7+ Kg8 51.
Qc4 a5 52. Qc5 a4 53. h4 Kg7 54. Qb4 h5 55. Qxa4 Rxd5 56. Qa7+ Kh6 57. Rg2 Rd3 58. Qa8 Kg7 59. Qb7+ Kh6 60. Qa6 Qd6 61. Qa8 Kg7 62. Qb7+ Qd7 63. Qe4 Rd5 64. Rf2 Rd2 65. Qf4 Rxf2+ 66.
Qxf2 Qf5 67. Qd4+ Qf6 68. Qd7+ Qf7 69. Qd3 Qf6 70. Kg2 Qf5 71. Qd4+ Qf6 72. Qd3 Kf7 73. Qd7+ Qe7 74. Qd5+ Qe6 75. Qb7+ Kf6 76. Qb2+ Qe5 77.
Qf2+ Ke6 78. Qb6+ Qd6 79. Qe3+ Kf6 80. Qg5+ Kf7 81. Qc1 Qd5+ 82. Kh2 Ke6 83. Qf1 Qd2+ 84. Kh3 Qd5 85. Qa6+ Qd6 86. Qc4+ Kf6 87. Qc3+ Qe5 88. Qc1 Qf5+ 89. Kg2 Qe4+ 90. Kh2 Kf5 91. Qf1+ Ke6 92. Qa6+ Ke5 93. Qb5+ Kf6 94. Qf1+ Ke6 95. Qf2 Ke5 96.
Qc5+ Ke6 97. Qb6+ Kf7 98. Qc7+ Kf6 99. Qd6+ Qe6 100. Qf4+ Kg7 101. Kg2 Qe2+ 102. Kg1 Qe1+ 103. Kg2 Qe6 104. Kf2 Qf6 105. Ke3 Qe6+ 106. Kd4 Qd7+ 107. Ke5 Qc7+ 108. Ke4 Qxf4+ 109. Kxf4 Kf6 110. Ke4 g5 111. hxg5+ Kxg5 112.
Kf3 Kf5 113. Kf2 Kg4 114. Kg2 Kg5 115. Kh3 Kf5 116. Kh4 Kg6 117. g4 hxg4 118. Kxg4 1/2-1/2

[Event "*** Titled Tuesday Blitz"]
[Site "Chess.com"]
[Date "2021.03.02"]
[Round "2"]
[White "WPWPWP-2015"]
[Black "Witik"]
[Result "0-1"]
[WhiteElo "2495"]
[BlackElo "2712"]
[TimeControl "180+1"]
[EndTime "10:20:57 PST"]
[Termination "Witik won by resignation"]

1. e4 c6 2. Nc3 d5 3. Nf3 Bg4 4. h3 Bxf3 5. Qxf3 Nf6 6. d4 dxe4 7. Qe3 Nbd7 8. Nxe4 e6 9. Bd3 Be7 10. c3 O-O 11.
O-O Re8 12. Ng5 c5 13. dxc5 Nxc5 14. Bc2 Qc7 15. Nf3 Nd5 16. Qe5 Bd6 17. Qh5 g6 18. Qh6 Bf4 19. Ng5 f6 20. Bxf4 Nxf4 21. Nxh7 Ne2+ 22.
Kh1 Qxh7 23. Qe3 Qh5 24. Bd1 Nd7 25. Bxe2 Qh4 26. Bf3 Ne5 27. Bxb7 Rab8 28. Be4 Rxb2 29.
f4 Ng4 30. Qf3 Nf2+ 31. Kg1 Nxe4 32. Qxe4 Qg3 33. Rae1 Rxa2 34. Qc6 Kf7 35. f5 gxf5 36. Qb7+ Re7 37. Qc6 a5 38. Ra1 Rc2 39. Rxa5 Rxc3 40. Qa8 Rc2 41. Ra7 Qe3+ 42. Kh1 Qxa7 43. Qf3 Qd4 44. Qh5+ Kg7 45. Rf3 Rc1+ 46. Kh2 Qe5+ 47. Rg3+ Qxg3+ 48. Kxg3 Rc3+ 49. Kh2 Rc8 50. Qh4 Rh8 51.
Qg3+ Kf7 52. Qb3 Rg8 53. Qd1 Rg7 54. Qh5+ Kg8 55. Qh6 Ref7 56. Qe3 e5 57. Qd3 f4 58. Qd8+ Kh7 59. Qd3+ Rg6 60. Qf5 Kg7 61. h4 Rg3 62.
Qe6 Rf8 63. h5 Rg5 64. Qe7+ Rf7 65. h6+ Kg6 66. Qe8 Rh5+ 67. Kg1 Rxh6 68. Qg8+ Rg7 69.
Qe8+ Kh7 70. Qe6 Rhg6 71. Qh3+ Kg8 72. Qc8+ Kh7 73. Qh3+ Rh6 74. Qf5+ Kh8 75. Qc8+ Rg8 76. Qf5 Rhg6 77. Qh3+ Kg7 78. Qd7+ Kh6 79. Qh3+ Kg5 80.
Kf2 f5 81. Qc3 Kh5 82. Qh3+ Kg5 83. Qc3 Re8 84. Qc7 Ree6 85. Qh7 e4 86. g3 e3+ 87. Kf3 fxg3 88. Qh3 Kf6 89. Qh4+ Kf7 90. Qh7+ Rg7 91. Qh5+ Kf6 92. Qh6+ Rg6 93. Qf8+ Ke5 94. Qb8+ Kf6 95. Qf8+ Kg5 96. Qd8+ Kh5 97. Qh8+ Rh6 98. Qa1 e2 99. Qe1 Kg6 100. Kxg3 Kf7 101. Kf4 Rhg6 102. Kxf5 Rgf6+ 103. Kg5 Rf1 104. Qb4 e1=Q 105. Qb7+ Re7 106. Qd5+ Qe6 107. Qxe6+ Rxe6 0-1

[Event "*** Titled Tuesday Blitz"]
[Site "Chess.com"]
[Date "2021.03.02"]
[Round "3"]
[White "nocnypako"]
[Black "oogee"]
[Result "1-0"]
[WhiteElo "2555"]
[BlackElo "2365"]
[TimeControl "180+1"]
[EndTime "10:22:51 PST"]
[Termination "nocnypako won by resignation"]

1. d4 Nf6 2. c4 g6 3. Nc3 Bg7 4. e4 d6 5. Nf3 O-O 6. Be2 e5 7.
O-O Nc6 8. d5 Ne7 9. Ne1 Nd7 10.
Be3 f5 11. f3 f4 12. Bf2 g5 13.
Rc1 Rf5 14. exf5 Nxf5 15. Ne4 h5 16. c5 Bf8 17. cxd6 cxd6 18. Bb5 Nh6 19. Rxc8 Rxc8 20. Bxd7 Qxd7 21. Nf6+ 1-0

[Event "*** Titled Tuesday Blitz"]
[Site "Chess.com"]
[Date "2021.03.02"]
[Round "3"]
[White "KaterynaLagno"]
[Black "ruvat"]
[Result "1-0"]
[WhiteElo "2612"]
[BlackElo "2324"]
[TimeControl "180+1"]
[EndTime "10:23:23 PST"]
[Termination "KaterynaLagno won by resignation"]

1. e4 d6 2. d4 Nf6 3. Nc3 g6 4. Be3 Bg7 5. Nf3 c6 6. Qd2 Qa5 7. Bd3 e5 8. Bh6 O-O 9. O-O-O Bg4 10. dxe5 dxe5 11. Kb1 Bxf3 12. gxf3 Bxh6 13. Qxh6 Nh5 14.
Bc4 Qc5 15. Bb3 Qe7 16. Rhg1 Nd7 17. Qxh5 1-0

[Event "*** Titled Tuesday Blitz"]
[Site "Chess.com"]
[Date "2021.03.02"]
[Round "3"]
[White "Kobalia"]
[Black "FairChess_on_YouTube"]
[Result "0-1"]
[WhiteElo "2684"]
[BlackElo "2939"]
[TimeControl "180+1"]
[EndTime "10:23:32 PST"]
[Termination "FairChess_on_YouTube won by resignation"]

1. e4 g6 2. d4 Bg7 3. Nf3 d6 4. Bc4 Nf6 5. Qe2 c6 6. Nbd2 d5 7. Bb3 O-O 8. O-O a5 9. a4 Bg4 10. e5 Nfd7 11. h3 Bxf3 12. Nxf3 e6 13. c3 c5 14. Bg5 Qb6 15. Qb5 Nc6 16. Qxb6 Nxb6 17. Be7 Nxe7 0-1

[Event "*** Titled Tuesday Blitz"]
[Site "Chess.com"]
[Date "2021.03.02"]
[Round "3"]
[White "campomania3"]
[Black "Kopytkin"]
[Result "1/2-1/2"]
[WhiteElo "2163"]
[BlackElo "2355"]
[TimeControl "180+1"]
[EndTime "10:24:06 PST"]
[Termination "Game drawn by agreement"]

1. d4 Nf6 2. c4 g6 3. Nc3 Bg7 4. Nf3 O-O 5. Bf4 c5 6. e3 cxd4 7. exd4 d5 8. c5 Nc6 9. Bb5 Bg4 10. Bxc6 bxc6 11. O-O Ne4 12. h3 Nxc3 13. bxc3 Bxf3 14.
Qxf3 f6 15. Qg3 Re8 16. Rfe1 g5 17. Bd2 e5 18. dxe5 fxe5 19. Bxg5 Qd7 20. Bf6 e4 21.
Rab1 Re6 22. Bxg7 Qxg7 23. Qxg7+ Kxg7 24. Rb7+ Kg6 1/2-1/2

[Event "*** Titled Tuesday Blitz"]
[Site "Chess.com"]
[Date "2021.03.02"]
[Round "3"]
[White "imdarealist"]
[Black "Ajedrez_con_German"]
[Result "0-1"]
[WhiteElo "2376"]
[BlackElo "2564"]
[TimeControl "180+1"]
[EndTime "10:24:24 PST"]
[Termination "Ajedrez_con_German won by resignation"]

1. d4 g6 2. e4 Bg7 3. c3 d6 4.
Nf3 Nf6 5. Bd3 O-O 6. Qe2 c5 7. Bg5 Bg4 8. Nbd2 cxd4 9. cxd4 Nc6 10. Qe3 Qb6 11. O-O Bxf3 12. Nxf3 h6 13. Bxh6 Ng4 0-1

[Event "*** Titled Tuesday Blitz"]
[Site "Chess.com"]
[Date "2021.03.02"]
[Round "3"]
[White "FCChelsea14"]
[Black "Tactictic"]
[Result "1-0"]
[WhiteElo "2711"]
[BlackElo "2432"]
[TimeControl "180+1"]
[EndTime "10:24:27 PST"]
[Termination "FCChelsea14 won by resignation"]

1. Nf3 Nf6 2. c4 e6 3. g3 d5 4.
d4 Bb4+ 5. Nbd2 O-O 6. Bg2 dxc4 7. O-O Nc6 8. Nxc4 b6 9. Bg5 Bb7 10. Rc1 h6 11. Bxf6 Qxf6 12. Nfe5 b5 13. Nxc6 Bxc6 14. Bxc6 bxc4 15. Bxa8 Rxa8 16. Rxc4 Bd6 17. e4 e5 18. dxe5 Qxe5 19. Qd5 Qe8 20. e5 1-0

[Event "*** Titled Tuesday Blitz"]
[Site "Chess.com"]
[Date "2021.03.02"]
[Round "3"]
[White "GUST_b"]
[Black "carloseduar100"]
[Result "1-0"]
[WhiteElo "2370"]
[BlackElo "2095"]
[TimeControl "180+1"]
[EndTime "10:24:35 PST"]
[Termination "GUST_b won by checkmate"]

1. Nf3 Nf6 2. c4 e6 3. g3 d5 4. Bg2 c6 5. O-O h5 6. d4 Be7 7. Nc3 Ne4 8. Nxe4 dxe4 9. Ne5 h4 10. Bxe4 hxg3 11. fxg3 Bf6 12. Bf4 Nd7 13. Nxd7 Bxd7 14.
Qd2 Qb6 15. e3 O-O-O 16. c5 Qa6 17. Bd3 b5 18. cxb6 Qxb6 19. Rac1 g5 20. Bd6 Kb7 21.
Rxf6 Rh7 22. Rc3 Ka8 23. Rb3 Qxb3 24. axb3 Rh6 25. Rxh6 Rh8 26. Rxh8+ Be8 27. Qb4 c5 28. Qb8# 1-0

[Event "*** Titled Tuesday Blitz"]
[Site "Chess.com"]
[Date "2021.03.02"]
[Round "3"]
[White "tusplingher"]
[Black "dopolian"]
[Result "1-0"]
[WhiteElo "2240"]
[BlackElo "2390"]
[TimeControl "180+1"]
[EndTime "10:24:40 PST"]
[Termination "tusplingher won by resignation"]

1. e4 e5 2. Bc4 Nf6 3. d4 exd4 4. Nf3 Nxe4 5. Qxd4 Nf6 6. Nc3 Be7 7. Bg5 O-O 8.
O-O-O Nc6 9. Qh4 d6 10. Rhe1 h6 11. Bxh6 gxh6 12. Qxh6 Nh7 13. Kb1 Bf5 14. g4 Be6 15. Bd3 Nf6 16. g5 1-0

[Event "*** Titled Tuesday Blitz"]
[Site "Chess.com"]
[Date "2021.03.02"]
[Round "3"]
[White "Albertu"]
[Black "ailime26"]
[Result "1-0"]
[WhiteElo "2357"]
[BlackElo "2101"]
[TimeControl "180+1"]
[EndTime "10:24:45 PST"]
[Termination "Albertu won by resignation"]

1. e4 c5 2. Nf3 Nc6 3. d4 cxd4 4. Nxd4 g6 5. c4 Bg7 6. Be3 Nf6 7. Nc3 O-O 8. Be2 d6 9. O-O e5 10. Ndb5 Ne8 11. c5 dxc5 12. Bxc5 a6 13. Qxd8 Nxd8 14. Bxf8 Bxf8 15. Na3 b5 16. Nd5 Bb7 17. Nc2 Rc8 18.
Nce3 Nd6 19. f3 Bh6 20. Kf2 f5 21. Ne7+ 1-0

[Event "*** Titled Tuesday Blitz"]
[Site "Chess.com"]
[Date "2021.03.02"]
[Round "3"]
[White "Susal_De_Silva"]
[Black "Zhigalko_Sergei"]
[Result "0-1"]
[WhiteElo "2657"]
[BlackElo "2915"]
[TimeControl "180+1"]
[EndTime "10:24:55 PST"]
[Termination "Zhigalko_Sergei won by resignation"]

1. e4 c5 2. Nf3 Nc6 3. Bb5 Nf6 4. Bxc6 dxc6 5. d3 Bg4 6. h3 Bh5 7. O-O Qc7 8. Nc3 Nd7 9. Re1 e6 10. g4 Bg6 11. Ne2 Bd6 12. Kg2 h5 13. Ng3 O-O-O 14.
Nh4 hxg4 15. Qxg4 Ne5 16. Nxg6 Nxg4 17. Nxh8 Nxf2 18. Re3 Nd1 19. Rf3 Rxh8 20. Bg5 Nxb2 0-1

[Event "*** Titled Tuesday Blitz"]
[Site "Chess.com"]
[Date "2021.03.02"]
[Round "3"]
[White "Arseniy_Nesterov"]
[Black "Kildepiotr"]
[Result "1-0"]
[WhiteElo "2791"]
[BlackElo "2582"]
[TimeControl "180+1"]
[EndTime "10:25:01 PST"]
[Termination "Arseniy_Nesterov won by resignation"]

1. d4 c5 2. d5 e5 3. e4 d6 4. Nc3 Be7 5. Be3 Bg5 6. Qd2 Bxe3 7.
Qxe3 Ne7 8. O-O-O O-O 9. h4 a6 10. g3 b5 11. f4 Bg4 12. Be2 Bxe2 13. Ncxe2 Nd7 14. h5 f5 15. Nf3 fxe4 16. Ng5 Nf5 17. Qxe4 Qa5 18. Kb1 h6 19. Ne6 Rf7 20. g4 Nd4 21.
N2xd4 exd4 22. g5 Nf8 23. gxh6 gxh6 24. Rhg1+ Kh8 25. Qg2 Nh7 26. Qg6 1-0

[Event "*** Titled Tuesday Blitz"]
[Site "Chess.com"]
[Date "2021.03.02"]
[Round "3"]
[White "Grandelicious"]
[Black "ChainsOfFantasia"]
[Result "1-0"]
[WhiteElo "2842"]
[BlackElo "2460"]
[TimeControl "180+1"]
[EndTime "10:25:11 PST"]
[Termination "Grandelicious won by resignation"]

1. d4 Nf6 2. c4 e6 3. Nc3 d5 4. Bg5 Be7 5. e3 h6 6. Bf4 O-O 7. Nf3 b6 8. Qc2 Bb7 9. Rd1 Nbd7 10. cxd5 exd5 11. Bd3 Re8 12. O-O a6 13. h3 Nf8 14.
Ne5 Rc8 15. Bf5 Ne6 16. Bxh6 gxh6 17. Bxe6 1-0

[Event "*** Titled Tuesday Blitz"]
[Site "Chess.com"]
[Date "2021.03.02"]
[Round "3"]
[White "Gogolev_Artemy"]
[Black "enriquebutti"]
[Result "1-0"]
[WhiteElo "2483"]
[BlackElo "2167"]
[TimeControl "180+1"]
[EndTime "10:25:19 PST"]
[Termination "Gogolev_Artemy won by resignation"]

1. d4 d5 2. c4 c6 3. Nf3 Nf6 4. Nc3 e6 5. e3 Bb4 6. Bd2 Nbd7 7. Bd3 b6 8. O-O Ba6 9. Qa4 Bxc3 10. Qxa6 Bxd2 11. Nxd2 O-O 12. Rfc1 c5 13. cxd5 Nxd5 14. Be4 cxd4 15. Bxd5 exd5 16. exd4 Nf6 17. Nf3 Ne4 18. Ne5 Qh4 19. Rc2 f6 20. Nc6 Rf7 21. Qb5 Rd7 22.
Ne7+ Rxe7 23. Qxd5+ 1-0

[Event "*** Titled Tuesday Blitz"]
[Site "Chess.com"]
[Date "2021.03.02"]
[Round "3"]
[White "Snowflake"]
[Black "bilelou"]
[Result "0-1"]
[WhiteElo "2355"]
[BlackElo "2551"]
[TimeControl "180+1"]
[EndTime "10:25:22 PST"]
[Termination "bilelou won by resignation"]

1. d4 Nf6 2. Nc3 c5 3. d5 d6 4. e4 g6 5. Nf3 Bg7 6. Be2 O-O 7.
O-O Bg4 8. Nd2 Bxe2 9. Qxe2 Re8 10. Nc4 Nbd7 11. a4 a6 12. Bf4 Nh5 13. Bd2 Qc7 14.
Kh1 e6 15. Qd1 Nhf6 16. Bg5 exd5 17. Nxd5 Nxd5 18. Qxd5 Re6 19. Rad1 Nb6 20. Nxb6 Qxb6 21. b3 Re5 22. Qd2 Rxe4 23. Qxd6 Qxd6 24. Rxd6 Rae8 25. g3 Re2 26. Bd2 Bd4 27. Kg2 Rxd2 0-1

[Event "*** Titled Tuesday Blitz"]
[Site "Chess.com"]
[Date "2021.03.02"]
[Round "3"]
[White "Heretoflag"]
[Black "1random"]
[Result "0-1"]
[WhiteElo "2292"]
[BlackElo "2658"]
[TimeControl "180+1"]
[EndTime "10:25:26 PST"]
[Termination "1random won on time"]

1. d4 d5 2. c4 c5 3. cxd5 Nf6 4. dxc5 e6 5. Nc3 exd5 6. Nf3 Bxc5 7. Bg5 d4 8. Ne4 Nxe4 9. Bxd8 Bb4+ 10. Qd2 Nxd2 11. Nxd2 Kxd8 12. a3 Bxd2+ 13. Kxd2 Nc6 14. g3 Bf5 15.
Bg2 Ke7 16. Rac1 Rac8 17. Rc5 Bd7 18. Rhc1 Rc7 19. b4 a6 20. a4 Rcc8 21. b5 axb5 22. axb5 Na5 23. Re5+ Kf6 24. Rcc5 Nb3+ 0-1

[Event "*** Titled Tuesday Blitz"]
[Site "Chess.com"]
[Date "2021.03.02"]
[Round "3"]
[White "jerry_77"]
[Black "GigaQuparadze"]
[Result "0-1"]
[WhiteElo "2464"]
[BlackElo "2961"]
[TimeControl "180+1"]
[EndTime "10:25:27 PST"]
[Termination "GigaQuparadze won by resignation"]

1. e4 c5 2. Nf3 e6 3. d4 cxd4 4.
Nxd4 a6 5. Nc3 b5 6. f3 Bb7 7. Be3 d5 8. exd5 b4 9. dxe6 bxc3 10. exf7+ Kxf7 11. Bc4+ Ke8 12. bxc3 Nf6 13. O-O Bd5 14.
Qe2 Kf7 15. Rad1 Bxc4 16. Qxc4+ Qd5 17. Qa4 Nbd7 18. c4 Qe5 19. Rfe1 Bc5 20. Bf2 Qc7 21. Kh1 Rhe8 22. Rxe8 Rxe8 23. Qxa6 Qe5 24. g4 Bxd4 25. Rxd4 Qe2 26. Kg2 Ne5 27. Rf4 Ng6 28. Rd4 Nh4+ 0-1

[Event "*** Titled Tuesday Blitz"]
[Site "Chess.com"]
[Date "2021.03.02"]
[Round "3"]
[White "PrinceMurad09"]
[Black "PushingpawnsNYC"]
[Result "1-0"]
[WhiteElo "2520"]
[BlackElo "2265"]
[TimeControl "180+1"]
[EndTime "10:25:32 PST"]
[Termination "PrinceMurad09 won by resignation"]

1. e4 c5 2. Nf3 e6 3. g3 d5 4.
exd5 Qxd5 5. Bg2 Nc6 6. O-O Nf6 7. Re1 Be7 8. Ne5 Qd6 9. Nxc6 bxc6 10. d3 O-O 11. Nd2 Ba6 12. Ne4 Nxe4 13. Bxe4 c4 14. Bf4 Qb4 15. Be5 f5 16. Bxc6 cxd3 17. cxd3 Rad8 18.
Bc3 Qd6 19. Qb3 Kf7 20. Bf3 Bf6 21. Bb4 Qxd3 22. Qxe6+ Kg6 23. Be2 Rfe8 24. Qxe8+ Rxe8 25.
Bxd3 Rxe1+ 26. Rxe1 Bxd3 27. Bc3 Bd8 28. Rd1 1-0

[Event "*** Titled Tuesday Blitz"]
[Site "Chess.com"]
[Date "2021.03.02"]
[Round "3"]
[White "ajdemipopushi"]
[Black "PetrolulSah"]
[Result "1-0"]
[WhiteElo "2374"]
[BlackElo "2183"]
[TimeControl "180+1"]
[EndTime "10:25:38 PST"]
[Termination "ajdemipopushi won by resignation"]

1. Nf3 Nf6 2. g3 g6 3. c4 Bg7 4. Bg2 O-O 5. O-O c5 6. Nc3 Nc6 7. d4 d6 8. dxc5 dxc5 9. Bf4 Bf5 10. Ne5 Qxd1 11. Rfxd1 Nd4 12. e3 Nc2 13. Rac1 Rad8 14.
Rxd8 Rxd8 15. e4 Nxe4 16. Bxe4 Bxe4 17. Nxe4 Nd4 18. Kg2 g5 19. Nxg5 f6 20. Ngf3 Nxf3 21. Nxf3 e5 22. Be3 e4 23. Nh4 f5 24. Nxf5 Bxb2 25. Rb1 1-0

[Event "*** Titled Tuesday Blitz"]
[Site "Chess.com"]
[Date "2021.03.02"]
[Round "3"]
[White "Azeryahu"]
[Black "ChessteacherPalmS"]
[Result "1-0"]
[WhiteElo "2730"]
[BlackElo "2361"]
[TimeControl "180+1"]
[EndTime "10:25:44 PST"]
[Termination "Azeryahu won by resignation"]

1. d4 e6 2. e4 d5 3. exd5 exd5 4.
Nf3 Bd6 5. Bd3 Ne7 6. O-O h6 7. c4 dxc4 8. Bxc4 O-O 9. Nc3 Nbc6 10. h3 Bf5 11. Re1 a6 12. a3 Ng6 13. Ne4 Bxe4 14. Rxe4 Re8 15. Qd3 Qd7 16. Rxe8+ Rxe8 17. Qxg6 Nxd4 18.
Bxh6 Nxf3+ 19. gxf3 Bf8 20. Be3 Re5 21. Kg2 Rf5 22.
Rd1 Qc8 23. Rd8 Qxd8 24. Qxf5 1-0

[Event "*** Titled Tuesday Blitz"]
[Site "Chess.com"]
[Date "2021.03.02"]
[Round "3"]
[White "Benjoneliere44"]
[Black "Sjakkerntobi"]
[Result "1-0"]
[WhiteElo "2600"]
[BlackElo "2315"]
[TimeControl "180+1"]
[EndTime "10:25:44 PST"]
[Termination "Benjoneliere44 won by resignation"]

1. e4 e6 2. d4 d5 3. Nc3 Bb4 4. exd5 exd5 5. Bd2 Nc6 6. Nce2 Bd6 7. c3 Nge7 8. h3 Bf5 9. Nf3 Qd7 10. Nf4 h6 11. Bb5 f6 12. Nd3 O-O-O 13. Qe2 g5 14. b4 Ng6 15.
O-O h5 16. Nc5 Bxc5 17. dxc5 g4 18. Nd4 gxh3 19. Bxc6 bxc6 20. Qa6+ Kb8 21. Nxc6+ Qxc6 22. Qxc6 hxg2 23. Rfe1 Nh4 24. Bf4 Rhg8 25. Bxc7+ 1-0

[Event "*** Titled Tuesday Blitz"]
[Site "Chess.com"]
[Date "2021.03.02"]
[Round "3"]
[White "GelmanAlexander"]
[Black "andrewtnb"]
[Result "1-0"]
[WhiteElo "2548"]
[BlackElo "2304"]
[TimeControl "180+1"]
[EndTime "10:25:47 PST"]
[Termination "GelmanAlexander won by resignation"]

1. d4 d5 2. Nc3 e6 3. Bf4 c5 4. e3 Nc6 5. Nb5 Kd7 6. c4 a6 7. Nc3 cxd4 8. exd4 Nf6 9. Nf3 Bb4 10. Bd3 dxc4 11.
Bxc4 Qa5 12. O-O b5 13. d5 bxc4 14. dxc6+ Ke7 15. a3 Bxc3 16. Bd6+ Ke8 17. bxc3 Qd5 18. Ne5 Qxd1 19. Rfxd1 Nd5 20. Nxc4 Nxc3 21. Nb6 Nxd1 22. Rxd1 1-0

[Event "*** Titled Tuesday Blitz"]
[Site "Chess.com"]
[Date "2021.03.02"]
[Round "3"]
[White "yuki_chess123"]
[Black "turayev_shahruh17"]
[Result "1-0"]
[WhiteElo "2235"]
[BlackElo "2484"]
[TimeControl "180+1"]
[EndTime "10:25:48 PST"]
[Termination "yuki_chess123 won by resignation"]

1. Nf3 g6 2. g3 Bg7 3. Bg2 d5 4. O-O c6 5. d3 Nf6 6. c4 O-O 7. Qb3 Qb6 8. Nc3 Qxb3 9. axb3 Nbd7 10.
Be3 e5 11. Rxa7 Rxa7 12. Bxa7 b6 13. Na4 b5 14. Nc5 d4 15. Nd2 Bh6 16. Rd1 Rd8 17. Bxc6 Nxc5 18. Bxc5 bxc4 19. bxc4 Bg4 20. Bf3 Bf5 21. Be7 Rb8 22. Bxf6 Rxb2 23. Ne4 Bf8 24. Bxe5 1-0